 Dungeon Crawl Stone Soup version 0.31.0-9-g3a7656b989 (webtiles) character file.

Game seed: 7907762470179895021

1787 qw the Skirmisher (level 8, -4/46 HPs)
             Began as a Deep Elf Hunter on Feb 2, 2024.
             Slain by Prince Ribbit (13 damage)
             ... on level 6 of the Dungeon.
             The game lasted 00:00:23 (5568 turns).

qw the Skirmisher (Deep Elf Hunter)                 Turns: 5568, Time: 00:00:23

Health: -4/46      AC:  7    Str: 10    XL:     8   Next: 82%
Magic:  0/10       EV: 14    Int: 15    God:
Gold:   177        SH:  4    Dex: 24    Spells: 7/7 levels left

rFire   . . .        k - +1 orcbow
rCold   . . .        (shield currently unavailable)
rNeg    . . .        h - +0 ring mail
rPois   +            (no helmet)
rElec   .            (no cloak)
rCorr   .            s - +0 pair of gloves
SInv    .            n - +0 pair of boots
Will    .....        b - amulet of guardian spirit
Stlth   ++           d - +6 ring of dexterity
HPRegen 0.27/turn    f - ring of poison resistance
MPRegen 0.12/turn

%: clarity, guardian spirit
@: attractive, hasted, very quick
A: large bone plates 1, clarity, subdued magic 1
a: no special abilities


You were on level 6 of the Dungeon.
You visited 1 branch of the dungeon, and saw 6 of its levels.

You collected 319 gold pieces.
You spent 142 gold pieces at shops.


Innate Abilities, Weirdness & Mutations

You are partially covered in large bone plates. (SH +4)
You possess an exceptional clarity of mind.
Your spells are a little easier to cast, but a little less powerful.


   Skills:
 - Level 3.1 Fighting
 + Level 13.8 Ranged Weapons
 - Level 1.0 Armour
 - Level 5.5 Dodging
 - Level 1.2 Stealth


You had 7 spell levels left.
You didn't know any spells.
Your spell library was empty.

Inventory:

Hand Weapons
 k - a +1 orcbow (weapon)
Armour
 h - a +0 ring mail (worn)
 n - a +0 pair of boots (worn)
 s - a +0 pair of gloves (worn)
Jewellery
 b - an amulet of guardian spirit (around neck)
 d - a +6 ring of dexterity (left hand)
 f - a ring of poison resistance (right hand)
 o - a ring of positive energy
Wands
 p - a wand of iceblast (7)
Potions
 e - a potion of cancellation
 g - a potion of mutation
 j - a potion of enlightenment {unknown}
 l - a potion of resistance
 m - a potion of might {unknown}
 r - a potion of curing {unknown}

Dungeon Overview and Level Annotations

Branches:
Dungeon (6/15)
 Temple: D:4-7

Altars:
Cheibriados
Elyvilon
Kikubaaqudgha
Nemelex Xobeh
Zin
The Shining One

Shops:
D:3 **[((   D:4 [

Annotations:
D:2 1 runed translucent door, Crazy Yiuf
D:4 3 runed translucent doors, qw's ghost, amateur SpHu
D:6 Dowan; Duvessa; Prince Ribbit


Message History

There is a stone staircase leading up here.
Waypoint 5 assigned to D:6.
Dowan, Brother of Duvessa comes into view.
He is wielding a +0 dagger.
Dowan shouts!
You hear a bark!
An orc comes into view. It is wielding a +0 dagger.
Dowan is attracted toward you. The orc is attracted toward you.
You shoot an arrow. The arrow misses Dowan.
The orc shouts!
You hear a loud, deep croak!
Dowan is attracted toward you. The orc is attracted toward you.
You shoot an arrow. The arrow hits Dowan.
Dowan is lightly wounded.
Dowan hits you but does no damage.
Prince Ribbit comes into view.
Dowan gestures at you while chanting. The puff of flame hits you.
Prince Ribbit is attracted toward you.
5563 ||| DRINKING potion of haste.
You feel yourself speed up.
Prince Ribbit croaks.
You hear a shout!
Prince Ribbit barely misses you. Dowan misses you.
The hound is attracted toward you.
A hound comes into view.
You shoot an arrow. The arrow barely misses Dowan.
The arrow closely misses the orc.
Prince Ribbit hits you!
You shoot an arrow. The arrow hits Dowan!
Dowan is heavily wounded.
Prince Ribbit hits you. Dowan barely misses you.
You shoot an arrow. The arrow hits Dowan!
Dowan is almost dead.
Prince Ribbit hits you! Dowan hits you with a +0 dagger.
Duvessa, Sister of Dowan comes into view.
She is wielding a +0 short sword and wearing a +1 leather armour of poison resistance.
Duvessa is attracted toward you.
5567 ||| RETREEEEATING.
Duvessa is attracted toward you.
5568 ||| RETREEEEATING.
Found 20 gold pieces.
Dowan points at you and mumbles some strange words.
The puff of frost misses you.
Prince Ribbit attacks as he pursues you!
Prince Ribbit hits you!
You die...

.. #.. #.. .#.#
. #.# ... .$
... ..# .#
#.###.# .#
.ho.. $#
#¤###e###.###..
#.¤e.F@.......
###.##..####..
#..#.## .....#
...#...
...###.. ....
..## ###.# .##


You could see Prince Ribbit, Duvessa, Dowan and a hound.

Vanquished Creatures
  Grinder (D:3)
  Eustachio (D:4)
  A water moccasin (D:5)
  A black bear (D:5)
  2 ice beasts (D:5)
  2 centaurs (D:5)
  3 ogres
  Blork the orc (D:4)
  A scorpion (D:4)
  A burial acolyte (D:5)
  A howler monkey (D:5)
  2 hounds (D:4)
  A jelly (D:5)
  An orc priest (D:4)
  A gnoll bouda (D:5)
  2 iguanas (D:5)
  2 sleepcaps (D:5)
  3 gnolls (D:4)
  8 adders
  2 adder zombies (D:5)
  3 dart slugs
  8 orcs
  5 bats
  4 endoplasms
  5 giant cockroaches
  9 goblins
  5 hobgoblins
  6 jackals (D:1)
  8 quokkas
  3 ball pythons
  2 frilled lizards
  A jackal zombie (D:5)
  7 kobolds
  2 rats (D:1)
105 creatures vanquished.

Notes
Turn   | Place    | Note
-------+----------+-------------------------------------------
     0 | D:1      | qw the Deep Elf Hunter began the quest for the Orb.
     0 | D:1      | Reached XP level 1. HP: 12/12 MP: 3/3
     0 | D:1      | 0 ||| qw: Version: 0.3-a-155-g5e7d8dd
     0 | D:1      | 0 ||| qw: Game counter: 2591
     0 | D:1      | 0 ||| qw: Melee chars always use a shield: true
     0 | D:1      | 0 ||| qw: God list: Okawaru
     0 | D:1      | 0 ||| qw: Allow faded altars: false
     0 | D:1      | 0 ||| qw: Do Orc after clearing Dungeon:15 true
     0 | D:1      | 0 ||| qw: Do second Lair branch before Depths: true
     0 | D:1      | 0 ||| qw: Lair rune preference: random
     0 | D:1      | 0 ||| qw: Goals: Normal
     0 | D:1      | 0 ||| PLANNING D:1-11
   115 | D:1      | Reached skill level 6 in Ranged Weapons
   115 | D:1      | Reached XP level 2. HP: 16/16 MP: 4/4
   310 | D:1      | Reached XP level 3. HP: 20/20 MP: 5/5
   535 | D:1      | Found a faded altar of an unknown god.
   672 | D:1      | 672 ||| UPGRADING to +6 ring of dexterity.
   673 | D:1      | 673 ||| UPGRADING to ring of poison resistance.
   674 | D:1      | 674 ||| READING 2 scrolls labelled RITENL SAXU.
   675 | D:1      | 675 ||| READING scroll labelled ZOOH GOEFYROA.
   676 | D:1      | 676 ||| READING scroll labelled TONEUDEUCK.
   713 | D:1      | 713 ||| DROPPING scroll of butterflies.
   714 | D:1      | 714 ||| DROPPING scroll of blinking.
   726 | D:2      | 726 ||| STAIRDANCE
   762 | D:2      | 762 ||| STAIRDANCE
   767 | D:1      | Reached skill level 7 in Ranged Weapons
   942 | D:2      | Found a runed translucent door.
   943 | D:2      | Noticed Crazy Yiuf
  1076 | D:2      | Reached skill level 3 in Dodging
  1076 | D:2      | Reached XP level 4. HP: 25/25 MP: 6/6
  1627 | D:2      | 1627 ||| READING scroll labelled LUGEUC YCIOW.
  1627 | D:2      | 1627 ||| IDENTIFYING purple potion
  1628 | D:2      | 1628 ||| READING 2 scrolls labelled HYR WEBLONG.
  1748 | D:2      | 1748 ||| READING scroll labelled RAEBBU CUECRO.
  1749 | D:2      | 1749 ||| READING 2 scrolls labelled KAATAG MOTWO.
  1749 | D:2      | 1749 ||| ENCHANTING +0 shortbow.
  1750 | D:2      | 1750 ||| READING scroll of enchant weapon.
  1750 | D:2      | 1750 ||| ENCHANTING +1 shortbow.
  1751 | D:2      | 1751 ||| DRINKING 2 inky potions.
  1752 | D:2      | 1752 ||| DROPPING potion of ambrosia.
  1901 | D:3      | Found Pusofot's Assorted Antiques.
  1906 | D:3      | 1906 ||| BUYING amethyst potion (27 gold).
  1906 | D:3      | Bought an amethyst potion for 27 gold pieces
  1906 | D:3      | 1906 ||| SHOPLISTING bronze wand (120 gold, have 72).
  1906 | D:3      | 1906 ||| SHOPLISTING faintly humming leather armour (210
                  | gold, have 72).
  1906 | D:3      | 1906 ||| BUYING fuming cyan potion (27 gold).
  1906 | D:3      | Bought a fuming cyan potion for 27 gold pieces
  1906 | D:3      | 1906 ||| BUYING scroll labelled NEAPLAC NAGIDD (30 gold).
  1906 | D:3      | Bought a scroll labelled NEAPLAC NAGIDD for 30 gold pieces
  1906 | D:3      | 1906 ||| SHOPLISTING translucent hand cannon (255 gold,
                  | have 15).
  1908 | D:3      | Found Toizah's Antique Armour Shoppe.
  1931 | D:3      | 1931 ||| SHOPLISTING cloak (76 gold, have 31).
  1931 | D:3      | 1931 ||| SHOPLISTING glowing robe (62 gold, have 31).
  1931 | D:3      | 1931 ||| SHOPLISTING helmet (76 gold, have 31).
  1931 | D:3      | 1931 ||| SHOPLISTING pair of runed gloves (127 gold, have
                  | 31).
  1931 | D:3      | 1931 ||| SHOPLISTING runed helmet (127 gold, have 31).
  2137 | D:3      | Found Varoakec's Weapon Shop.
  2142 | D:3      | 2142 ||| SHOPLISTING +1 orcbow of flaming (146 gold, have
                  | 55).
  2142 | D:3      | 2142 ||| SHOPLISTING +10 sling "Xeelemn" {elec, Will+ Str-2
                  | Int-4 Dex+7} (752 gold, have 55).
  2142 | D:3      | 2142 ||| SHOPLISTING +3 longbow of freezing (315 gold, have
                  | 55).
  2161 | D:3      | Found Rajilias's Antique Weapon Shoppe.
  2206 | D:3      | Noticed Grinder
  2218 | D:3      | Killed Grinder
  2219 | D:3      | Reached skill level 9 in Ranged Weapons
  2219 | D:3      | Reached XP level 5. HP: 29/29 MP: 7/7
  2219 | D:3      | Reached XP level 6. HP: 34/34 MP: 8/8
  2504 | D:3      | Found a glowing golden altar of the Shining One.
  2508 | D:3      | Found a white marble altar of Elyvilon.
  2509 | D:3      | Found a glowing silver altar of Zin.
  2556 | D:3      | Found Fouj's General Store.
  2564 | D:3      | 2564 ||| BUYING +0 pair of gloves (58 gold).
  2564 | D:3      | Bought a +0 pair of gloves for 58 gold pieces
  2564 | D:3      | 2564 ||| UPGRADING to +0 ring mail.
  2574 | D:3      | 2574 ||| DROPPING +0 leather armour.
  2575 | D:3      | 2575 ||| UPGRADING to +0 pair of boots.
  2580 | D:3      | 2580 ||| UPGRADING to +0 pair of gloves.
  2585 | D:3      | 2585 ||| UPGRADING to amulet of guardian spirit.
  2590 | D:3      | 2590 ||| READING scroll of identify.
  2590 | D:3      | 2590 ||| IDENTIFYING black potion
  2591 | D:3      | 2591 ||| READING scroll labelled NEAPLAC NAGIDD.
  2692 | D:3      | 2692 ||| DRINKING 2 fuming cyan potions.
  2729 | D:3      | 2729 ||| DROPPING potion of lignification.
  2777 | D:4      | Noticed Eustachio
  2799 | D:4      | 2799 ||| RETREEEEATING.
  2800 | D:4      | 2800 ||| RETREEEEATING.
  2803 | D:4      | 2803 ||| RETREEEEATING.
  2804 | D:4      | Killed Eustachio
  2805 | D:4      | Reached skill level 3 in Fighting
  2910 | D:4      | Reached skill level 1 in Armour
  2939 | D:4      | Reached XP level 7. HP: 41/41 MP: 9/9
  2999 | D:4      | Found a runed translucent gate.
  3006 | D:4      | Reached skill level 10 in Ranged Weapons
  3023 | D:4      | 3023 ||| FLEEEEING.
  3025 | D:4      | 3025 ||| FLEEEEING.
  3069 | D:4      | Found the +6 shillelagh "Devastator" {shatter}
  3224 | D:4      | Found a snail-covered altar of Cheibriados.
  3275 | D:4      | Noticed Blork the orc
  3281 | D:4      | Killed Blork the orc
  3350 | D:4      | Found Lyagycuo's Armour Boutique.
  3358 | D:4      | 3358 ||| SHOPLISTING +0 ring mail of poison resistance (96
                  | gold, have 49).
  3358 | D:4      | 3358 ||| SHOPLISTING +1 hat of see invisible (192 gold,
                  | have 49).
  3358 | D:4      | 3358 ||| SHOPLISTING +2 ring mail of cold resistance (252
                  | gold, have 49).
  3413 | D:4      | Reached skill level 11 in Ranged Weapons
  3856 | D:4      | Found a runed translucent gate.
  3856 | D:4      | Found a runed translucent gate.
  3859 | D:4      | Noticed qw's ghost (amateur SpHu)
  3860 | D:4      | Identified the +11 dagger of Revolt {antimagic, Will- Int+2
                  | Stlth+}
  3860 | D:4      | Identified the +0 scale mail of Unreason {rF+ MP+9}
  4146 | D:4      | 4146 ||| READING scroll of identify.
  4146 | D:4      | 4146 ||| IDENTIFYING orange potion
  4147 | D:4      | 4147 ||| DRINKING 3 amethyst potions.
  4148 | D:4      | 4148 ||| DROPPING 2 potions of brilliance.
  4173 | D:5      | Entered Level 5 of the Dungeon
  4251 | D:5      | HP: 10/41 [ogre/+0 giant club (20)]
  4252 | D:5      | 4252 ||| READING scroll of teleportation.
  4418 | D:5      | Reached XP level 8. HP: 14/46 MP: 3/10
  4496 | D:5      | Reached skill level 12 in Ranged Weapons
  4596 | D:5      | 4596 ||| SWAPPING to +0 orcbow.
  4597 | D:5      | 4597 ||| DROPPING +2 shortbow.
  4614 | D:5      | 4614 ||| READING scroll of enchant weapon.
  4614 | D:5      | 4614 ||| ENCHANTING +0 orcbow.
  4736 | D:5      | 4736 ||| FLEEEEING.
  4737 | D:5      | 4737 ||| FLEEEEING.
  4738 | D:5      | 4738 ||| FLEEEEING.
  4739 | D:5      | 4739 ||| FLEEEEING.
  4784 | D:5      | Found an ancient bone altar of Kikubaaqudgha.
  5068 | D:5      | Reached skill level 13 in Ranged Weapons
  5348 | D:5      | Found a sparkling altar of Nemelex Xobeh.
  5537 | D:5      | 5537 ||| READING scroll of identify.
  5537 | D:5      | 5537 ||| IDENTIFYING smoky coppery potion
  5538 | D:5      | 5538 ||| DRINKING 2 silvery potions.
  5538 | D:5      | Gained mutation: Your spells are a little easier to cast,
                  | but a little less powerful. [potion of mutation]
  5538 | D:5      | Gained mutation: You are partially covered in large bone
                  | plates. (SH +4) [potion of mutation]
  5538 | D:5      | Gained mutation: You possess an exceptional clarity of
                  | mind. [potion of mutation]
  5539 | D:5      | 5539 ||| DRINKING 2 pink potions.
  5540 | D:5      | 5540 ||| DROPPING potion of berserk rage.
  5541 | D:5      | 5541 ||| DROPPING potion of attraction.
  5560 | D:6      | Noticed Dowan
  5562 | D:6      | Noticed Prince Ribbit
  5563 | D:6      | 5563 ||| DRINKING potion of haste.
  5566 | D:6      | HP: 9/46 [Dowan/+0 dagger (3)]
  5566 | D:6      | Noticed Duvessa
  5567 | D:6      | 5567 ||| RETREEEEATING.
  5568 | D:6      | 5568 ||| RETREEEEATING.
  5568 | D:6      | Slain by Prince Ribbit

Levels and vault maps discovered:
D:1:      amcnicky_arrival_abandoned_market, layout_basic,
          shapermc_ecumenical_altar_acropolis
D:2:      layout_basic, minmay_pentomino_o4, uniq_crazy_yiuf_cottage
D:3:      layout_loops_ring, good_gods_temple_1, serial_shops,
          nicolae_shop_waterfront, shop, nicolae_lakefront_shop, shop, shop,
          hex_large, uniq_grinder
D:4:      layout_layer_cave, mainiacjoe_overflow_paths,
          biasface_ghost_orc_armoury, serial_shops,
          nicolae_shop_just_a_little_nook, dilly_guarded_unrand_devastator,
          uniq_blork_the_orc, uniq_eustachio
D:5:      layout_loops_ring, lemuel_zombie_altar_kikubaaqudgha,
          nemelex_dance_club_becter, wad_rectangle_vault
D:6:      layout_cave_pools, mainiacjoe_overflow_surrounded_room,
          nicolae_concentric_dashed_squares_mild, uniq_prince_ribbit1,
          uniq_duvessa, uniq_maggie

Skill      XL: |  1  2  3  4  5  6  7  8 |
---------------+-------------------------+-----
Ranged Weapons | 6 7 9 11 13 | 13.8
Dodging        | 3 4 5 |  5.5
Fighting       | 3 |  3.1
Armour         | 1 |  1.0
Stealth        | |  1.2

Action                     |  1- 3 |  4- 6 |  7- 9 || total
---------------------------+-------+-------+-------++-------
   Fire: Shortbow          |   105 |   104 |    86 ||   295
         Orcbow            |       |       |    76 ||    76
    Use: Scroll            |     3 |     7 |     4 ||    14
         Potion            |       |     2 |     4 ||     6
 Armour: Leather armour    |    16 |     5 |       ||    21
         Ring mail         |       |    13 |    51 ||    64
  Dodge: Dodged            |    15 |    30 |    38 ||    83

Table legend:
 A = Non-vault XP
 B = Vault XP
 C = Vault XP percentage of total XP
 D = Non-vault monster count
 E = Vault monster count
 F = Vault count percentage of total count
                 A         B        C        D         E       F
            +---------+---------+-------+---------+---------+-------
      Total |    1323 |    1231 |  48.2 |      85 |      20 |  19.0
            +---------+---------+-------+---------+---------+-------
        D:1 |      59 |      16 |  21.3 |      32 |       2 |   5.9
        D:2 |      32 |       1 |   3.0 |       9 |       1 |  10.0
        D:3 |      65 |     262 |  80.1 |      14 |       1 |   6.7
        D:4 |     287 |     534 |  65.0 |      20 |       4 |  16.7
        D:5 |     880 |     418 |  32.2 |      10 |      12 |  54.5
            +---------+---------+-------+---------+---------+-------
